 Dungeon Crawl Stone Soup version 0.30-a0-782-ge64f9170bb (webtiles) character file.

Game seed: 16433035588819088725

15215 theswoord the Markstengu (level 12, -3/79 HPs)
             Began as a Tengu Hunter on Mar 15, 2023.
             Was an Elder of Kikubaaqudgha.
             Slain by Snorg (15 damage)
             ... on level 11 of the Dungeon.
             The game lasted 00:18:20 (10646 turns).

theswoord the Markstengu (Tengu Hunter)            Turns: 10646, Time: 00:18:21

Health: -3/79      AC: 11    Str: 13    XL:     12   Next: 24%
Magic:  13/13      EV: 18    Int: 12    God:    Kikubaaqudgha [****..]
Gold:   766        SH:  5    Dex: 21    Spells: 7/11 levels left

rFire   + . .      SeeInvis .    e - +5 hand crossbow "Vuetued" {penet, rF+ rCorr Int+2}
rCold   . . .      Faith    .    (no shield)
rNeg    . . .      Spirit   .    F - +1 steam dragon scales
rPois   +          Reflect  +    j - +0 hat
rElec   .          Harm     .    d - +0 cloak
rCorr   +          Rampage  .    A - +2 pair of gloves
Will    ++...                    (boots unavailable)
Stlth   ++                       h - amulet of Saynar {Reflect Will+ SH+5}
HPRegen 0.33/turn                Q - ring of willpower
MPRegen 0.13/turn                M - ring of poison resistance

@: flying quickly and evasively, quick
A: beak, talons 3, nimble flight
a: Renounce Religion, Unearth Wretches


You were on level 11 of the Dungeon.
You worshipped Kikubaaqudgha.
Kikubaaqudgha was greatly pleased with you.
You visited 2 branches of the dungeon, and saw 12 of its levels.
You also visited: Sewer and Ossuary.

You collected 766 gold pieces.

Inventory:

Hand Weapons
 a - a +1 shortbow of freezing
 e - the +5 hand crossbow "Vuetued" (weapon) {penet, rF+ rCorr Int+2}
   (You acquired it on level 1 of the Dungeon)

   Int:       It affects your intelligence (+2).
   rF:        It protects you from fire.
   rCorr:     It protects you from acid and corrosion.
Armour
 c - a +0 leather armour
 d - a +0 cloak (worn)
 j - a +0 hat (worn)
 k - a +0 pair of gloves
 z - a scarf of harm
 A - a +2 pair of gloves (worn)
 F - +1 steam dragon scales (worn)
 K - a scarf of invisibility
Jewellery
 h - the amulet of Saynar (around neck) {Reflect Will+ SH+5}
   (You found it on level 3 of the Dungeon)

   [amulet of reflection]

   It reflects blocked missile attacks.
   SH:        It affects your SH (+5).
   Will:      It increases your willpower.
 s - an amulet of the acrobat
 v - a ring of magical power
 E - an amulet of faith
 M - a ring of poison resistance (right hand)
 P - a ring of resist corrosion
 Q - a ring of willpower (left hand)
Wands
 D - a wand of iceblast (2)
 U - a wand of light (3)
Scrolls
 b - 3 scrolls of immolation
 i - 2 scrolls of vulnerability
 o - 7 scrolls of teleportation
 t - a scroll of brand weapon
 y - 3 scrolls of identify
 G - a scroll of enchant weapon
 L - a scroll of poison
 N - a scroll of fear
 O - 2 scrolls of butterflies
 R - a scroll of fog
 S - a scroll of amnesia
 T - 2 scrolls of noise
Potions
 f - a potion of attraction
 g - 2 potions of resistance
 l - a potion of flight
 m - a potion of mutation
 n - 5 potions of haste
 p - 4 potions of curing
 q - 2 potions of heal wounds
 r - 3 potions of ambrosia
 u - 4 potions of might
 w - 2 potions of invisibility
 x - a potion of berserk rage
 B - 3 potions of brilliance
 C - 5 potions of lignification
 H - 2 potions of magic
 J - a potion of degeneration


   Skills:
 + Level 10.6 Fighting
 * Level 15.4 Ranged Weapons
 + Level 4.1 Armour
 + Level 4.8 Dodging
 - Level 1.0 Stealth
 - Level 8.4 Necromancy


You had 7 spell levels left.
You knew the following spells:

 Your Spells              Type           Power      Damage    Failure   Level
a - Animate Dead          Necr           20%        N/A       11%         4

Your spell library contained the following spells:

 Spells                   Type           Power      Damage    Failure   Level
 Necrotise                Necr           80%        1d8       1%          1
 Kiss of Death            Conj/Necr      40%        2d8       6%          1
 Dispel Undead            Necr           20%        3d11      11%         4
 Cigotuvi's Dreadful Rot  Necr/Pois/Air  12%        N/A       16%         2
 Magic Dart               Conj           0%         1d3       32%         1
 Sting                    Tmut/Pois      0%         1d3       32%         1
 Blink                    Tloc           0%         N/A       45%         2
 Call Imp                 Summ           0%         N/A       45%         2
 Lesser Beckoning         Tloc           0%         N/A       45%         2
 Momentum Strike          Conj/Tloc      0%         3d8       45%         2
 Poisonous Vapours        Pois/Air       0%         N/A       45%         2
 Anguish                  Hex/Necr       5%         N/A       52%         4
 Inner Flame              Hex/Fire       0%         N/A       69%         3
 Mephitic Cloud           Conj/Pois/Air  0%         N/A       69%         3
 Borgnjor's Vile Clutch   Necr/Erth      5%         N/A       86%         5
 Death Channel            Necr           10%        N/A       86%         6
 Cause Fear               Hex            0%         N/A       97%         4
 Olgreb's Toxic Radiance  Pois           0%         N/A       97%         4
 Discord                  Hex            0%         N/A       100%        8


Dungeon Overview and Level Annotations

Branches:
Dungeon (11/15)            Temple (1/1) D:5           Sewer (visited)
Ossuary (visited)
   Lair: D:8-11         Orc: D:9-12

Altars:
Ashenzari
Dithmenos
Elyvilon
Fedhas
Kikubaaqudgha
Makhleb
Nemelex Xobeh
Okawaru
Qazlal
Ru
Sif Muna
Trog
Wu Jian
Xom

Shops:
D:6 (

Annotations:
D:11 Snorg


Innate Abilities, Weirdness & Mutations

You have a beak for a mouth.
You have claws for feet.
Your magical nature lets you fly swiftly and evasively.


Message History

There is an open door here.
You shoot a bolt. The bolt pierces through Snorg.
Snorg bites you!
* * * LOW HITPOINT WARNING * * *
Snorg claws you.
* * * LOW HITPOINT WARNING * * *
Snorg closely misses you.
You shoot a bolt. The bolt barely misses Snorg.
Snorg misses you. x2
Snorg claws you.
* * * LOW HITPOINT WARNING * * *
You block Snorg's attack. x2; Snorg claws you.
* * * LOW HITPOINT WARNING * * *
Your yak zombie barely misses Snorg.
You feel much better. Snorg bites you.
* * * LOW HITPOINT WARNING * * *
You block Snorg's attack. Snorg misses you.
You shoot a bolt. The bolt barely misses Snorg.
Snorg completely misses you. Snorg claws you.
* * * LOW HITPOINT WARNING * * *
Snorg claws you but does no damage.
Your yak zombie barely misses Snorg.
Your yak zombie gores Snorg.
Snorg bites you!!
* * * LOW HITPOINT WARNING * * *
Snorg claws you.
* * * LOW HITPOINT WARNING * * *
Snorg closely misses you.
You feel much better. Snorg bites you.
* * * LOW HITPOINT WARNING * * *
Snorg claws you.
* * * LOW HITPOINT WARNING * * *
Snorg closely misses you.
Your yak zombie gores Snorg!
Your yak zombie completely misses Snorg.
Okay, then.
Blink to where?
As you read the scroll of blinking, it crumbles to dust.
You shoot a bolt. The bolt pierces through Snorg!
You shoot a bolt. The bolt closely misses Snorg.
You shoot a bolt. The bolt pierces through Snorg!!
Snorg bites you!
* * * LOW HITPOINT WARNING * * *
Snorg claws you!
You die...
Kikubaaqudgha rasps: "You have failed me!
Welcome... death!"

#########
#.......#
#.......#
#@......#
..#.T.....#
..........#
..........######
..............^.
...[....Z........
.##.....##Z#. ..
/..##.†?.# #
..##.#Z## .


You could see Snorg (berserk, ally target) and 2 friendly yak zombies.

Vanquished Creatures
  A boulder beetle (D:11)
  3 two-headed ogres
  2 ugly things (D:8)
  A cyclops (D:10)
  2 trolls
  A polar bear (D:9)
  Grinder (D:5)
  2 shadows
  Sigmund (D:2)
  A wraith (D:8)
  Eustachio (D:5)
  2 unseen horror simulacra (D:9)
  3 wyverns
  11 yaks
  Grum (D:8)
  2 steam dragons
  3 vampire mosquitoes
  Menkaure (D:5)
  3 water moccasins
  3 acid dragons
  Duvessa (D:5)
  An orc warrior (D:8)
  3 sky beasts
  5 ice beasts
  3 centaurs
  4 wolves
  2 kobold brigands
  A phantom (D:6)
  An elf zombie (Ossuary)
  5 bullfrogs
  2 gnoll sergeants
  4 scorpions
  Dowan (D:5)
  29 wights
  2 yak zombies (D:10)
  3 killer bees
  4 howler monkeys
  3 electric eels (D:9)
  2 human zombies (Ossuary)
  2 hounds
  2 jellies
  5 orc priests
  3 gnoll boudas
  9 iguanas
  8 orc wizards
  A malarious merfolk avatar (Sewer)
  A sickly merfolk siren (Sewer)
  2 centaur simulacra (D:9)
  2 mummies (Ossuary)
  13 gnolls
  7 adders
  A river rat (Sewer)
  3 white imps
  An adder zombie (Ossuary)
  2 worms
  2 dart slugs
  14 orcs
  10 ball pythons
  2 bats
  7 endoplasms
  7 giant cockroaches
  4 goblins
  4 hobgoblins
  9 jackals
  9 kobolds
  6 quokkas
  5 frilled lizards
  2 goblin zombies (Ossuary)
  10 hobgoblin zombies (Ossuary)
  2 jackal zombies (Ossuary)
  7 kobold zombies (Ossuary)
  11 orc zombies (Ossuary)
  29 rats
  A rat zombie (Ossuary)
324 creatures vanquished.

Vanquished Creatures (collateral kills)
  3 yaks (D:11)
  A vampire mosquito (D:11)
  A centaur (D:10)
  A howler monkey (D:11)
  A gnoll (D:9)
7 creatures vanquished.

Vanquished Creatures (others)
  3 vampire mosquito zombies
  A yak zombie (D:11)
  A bullfrog zombie (D:9)
  An orc wizard (D:10)
  A howler monkey zombie (D:11)
  A gnoll zombie (D:9)
  6 fungi (D:11)
  2 plants (D:11)
16 creatures vanquished.

Grand Total: 347 creatures vanquished

Notes
Turn   | Place    | Note
-------+----------+-------------------------------------------
     0 | D:1      | theswoord the Tengu Hunter began the quest for the Orb.
     0 | D:1      | Reached XP level 1. HP: 12/12 MP: 2/2
    78 | D:1      | Found a faded altar of an unknown god.
    94 | D:1      | Reached XP level 2. HP: 16/17 MP: 3/3
   173 | D:1      | Reached skill level 5 in Ranged Weapons
   610 | D:1      | Identified a scroll of acquirement
   610 | D:1      | Acquired the +5 hand crossbow "Vuetued" {penet, rF+ rCorr
                  | Int+2}
   616 | D:1      | Reached XP level 3. HP: 21/21 MP: 4/4
  1065 | D:2      | Noticed Sigmund
  1078 | D:2      | Killed Sigmund
  1079 | D:2      | Reached skill level 7 in Ranged Weapons
  1079 | D:2      | Reached XP level 4. HP: 26/26 MP: 5/5
  1079 | D:2      | Gained mutation: Your magical nature lets you fly swiftly
                  | and evasively. [Tengu growth]
  1079 | D:2      | Reached XP level 5. HP: 30/30 MP: 6/6
  1306 | D:2      | Reached XP level 6. HP: 35/35 MP: 7/7
  1467 | D:3      | Identified the amulet of Saynar {Reflect Will+ SH+5}
  1643 | D:3      | Reached skill level 8 in Ranged Weapons
  2536 | D:4      | Reached skill level 9 in Ranged Weapons
  2536 | D:4      | Reached XP level 7. HP: 35/40 MP: 8/8
  2829 | D:4      | Found a bloodstained altar of Trog.
  3176 | D:4      | Reached skill level 10 in Ranged Weapons
  3243 | D:5      | Entered Level 5 of the Dungeon
  3248 | D:5      | Noticed Duvessa
  3248 | D:5      | Noticed Dowan
  3410 | D:5      | Killed Duvessa
  3528 | D:5      | Killed Dowan
  3529 | D:5      | Reached XP level 8. HP: 18/45 MP: 9/9
  3650 | D:5      | Found a glowing drain.
  3661 | Sewer    | Entered a sewer
  4057 | D:5      | Noticed Menkaure
  4062 | D:5      | Killed Menkaure
  4190 | D:5      | Noticed Eustachio
  4192 | D:5      | Noticed Grinder
  4197 | D:5      | Killed Eustachio
  4203 | D:5      | Killed Grinder
  4204 | D:5      | Reached skill level 5 in Fighting
  4204 | D:5      | Reached skill level 11 in Ranged Weapons
  4399 | D:5      | Found a staircase to the Ecumenical Temple.
  4834 | Temple   | Entered the Ecumenical Temple
  4930 | Temple   | Became a worshipper of Kikubaaqudgha
  5186 | D:6      | Reached XP level 9. HP: 55/55 MP: 10/10
  5199 | D:6      | You are sucked into a shaft and drop 2 floors!
  5213 | D:8      | Found a sand-covered staircase.
  5218 | Ossuary  | Entered an ossuary
  5280 | Ossuary  | Reached * piety under Kikubaaqudgha
  5280 | Ossuary  | Received a gift from Kikubaaqudgha
  5292 | Ossuary  | Learned a level 4 spell: Animate Dead
  5519 | D:8      | Noticed Grum
  5524 | D:8      | Killed Grum
  5525 | D:8      | Reached skill level 1 in Necromancy
  5529 | D:8      | Reached skill level 12 in Ranged Weapons
  5886 | D:7      | Reached ** piety under Kikubaaqudgha
  6058 | D:6      | Reached XP level 10. HP: 63/63 MP: 11/11
  6076 | D:6      | Reached skill level 5 in Necromancy
  6160 | D:6      | Found Wynla's Antique Weapon Shoppe.
  6458 | D:7      | Identified the +6 hand axe of Zuetoo Ydgho {heavy, Stlth+}
  6915 | D:8      | Noticed a brown ugly thing
  6926 | D:8      | Reached skill level 13 in Ranged Weapons
  7032 | D:8      | Killed a brown ugly thing
  7213 | D:8      | Noticed a green ugly thing
  7217 | D:8      | Killed a green ugly thing
  7491 | D:8      | Reached *** piety under Kikubaaqudgha
  7491 | D:8      | Received a gift from Kikubaaqudgha
  7699 | D:8      | Reached XP level 11. HP: 71/71 MP: 12/12
  8283 | D:9      | Reached skill level 14 in Ranged Weapons
  8645 | D:9      | Reached **** piety under Kikubaaqudgha
  9352 | D:10     | Entered Level 10 of the Dungeon
  9381 | D:10     | Reached skill level 1 in Armour
  9390 | D:10     | Reached skill level 10 in Fighting
  9732 | D:10     | Found a stormy altar of Qazlal.
  9809 | D:10     | Noticed a two-headed ogre
  9813 | D:10     | Killed a two-headed ogre
 10172 | D:10     | Noticed a cyclops
 10172 | D:10     | Noticed a two-headed ogre
 10178 | D:10     | Killed a cyclops
 10181 | D:10     | Killed a two-headed ogre
 10189 | D:10     | Reached skill level 15 in Ranged Weapons
 10421 | D:11     | Noticed a boulder beetle
 10435 | D:11     | Killed a boulder beetle
 10436 | D:11     | Reached XP level 12. HP: 56/78 MP: 13/13
 10544 | D:11     | Noticed a two-headed ogre
 10548 | D:11     | Killed a two-headed ogre
 10629 | D:11     | Noticed Snorg
 10641 | D:11     | HP: 2/79 [Snorg (5)]
 10646 | D:11     | Slain by Snorg

Skill      XL: |  1  2  3  4  5  6  7  8  9 10 11 12 |
---------------+-------------------------------------+-----
Ranged Weapons | 5 7 9 10 11 12 13 15 | 15.4
Fighting       | 5 7 9 10 | 10.6
Necromancy     | 4 7 8 |  8.4
Armour         | 3 4 |  4.1
Dodging        | 4 |  4.8
Stealth        | |  1.0

Action                     |  1- 3 |  4- 6 |  7- 9 | 10-12 || total
---------------------------+-------+-------+-------+-------++-------
   Fire: Shortbow          |    37 |       |       |       ||    37
         Hand crossbow     |    15 |    77 |   250 |   298 ||   640
   Cast: Animate Dead      |       |       |       |     6 ||     6
    Use: Scroll            |     7 |     2 |     9 |    14 ||    32
         Potion            |     3 |       |       |     4 ||     7
 Armour: Leather armour    |     2 |     4 |    11 |     3 ||    20
         Skin              |     4 |       |       |       ||     4
         Steam dragon scal |       |       |       |    32 ||    32
  Dodge: Dodged            |     8 |    13 |    49 |    93 ||   163
  Block: Other             |       |     3 |    19 |    33 ||    55
         Reflection        |       |       |       |     2 ||     2

Levels and vault maps discovered:
D:1:      denvon_arrival_hothouse, layout_basic, chequers_ecumenical_altar_grove
D:2:      layout_loops_ring, item_on_display_a, uniq_sigmund
D:3:      layout_loops_ring
D:4:      layout_loops_ring, mainiacjoe_overflow_alcove_4, nicolae_half_adder
D:5:      wad_pebble_path, layout_layer_cave, temple_green,
          portal_sewer_entry_a, uniq_duvessa, uniq_grinder, uniq_eustachio,
          uniq_menkaure
D:6:      layout_loops_ring, serial_shops, shop_statue, serial_park_tiny_1
D:7:      layout_loops_ring
D:8:      wad_statue_garden, layout_basic, enter_ossuary_5,
          amcnicky_mini_corridor_feature, uniq_grum
D:9:      layout_loops_ring, serial_ice, serial_ice_f, serial_ice_h,
          serial_ice_i, serial_ice_c, serial_ice_n, minmay_misc_feat_pillars,
          minmay_fractal_squares_diagonal_5
D:10:     layout_basic, mainiacjoe_overflow_24_doors,
          chequers_serial_rivers_micro_b, minmay_joined_circles
D:11:     layout_basic, grunt_lair_entry_orc_guard_hut, uniq_snorg
Temple:   nicolae_temple_slightly_damp_pantheon
